 Dungeon Crawl Stone Soup version 0.29.0-4-gdea44cf6ec (webtiles) character file.

Game seed: 6581621695309261414

90 qw the Chopper (level 4, -3/26 HPs)
             Began as a Tengu Warper on Aug 28, 2022.
             Slain by a hobgoblin (6 damage)
             ... led by Robin
             ... on level 3 of the Dungeon.
             The game lasted 00:00:14 (2085 turns).

qw the Chopper (Tengu Warper)                       Turns: 2085, Time: 00:00:15

Health: -3/26      AC:  3    Str: 11 (13) XL:     4   Next: 56%
Magic:  8/8        EV: 11    Int: 10 (13) God:
Gold:   153        SH:  0    Dex: 13 (14) Spells: 7/7 levels left

rFire   . . .      SeeInvis .   Y - +0 hand axe
rCold   . . .      Faith    .   (no shield)
rNeg    . . .      Spirit   .   b - +0 leather armour
rPois   .          Reflect  +   (helmet restricted)
rElec   .          Harm     .   (no cloak)
rCorr   .          Rampage  .   (no gloves)
Will    .....                   (boots unavailable)
Stlth   +.........              a - amulet of reflection
HPRegen 0.08/turn               (no ring)
MPRegen 0.11/turn               (no ring)

@: confused
A: beak, talons 3
a: no special abilities


You were on level 3 of the Dungeon.
You visited 1 branch of the dungeon, and saw 3 of its levels.

You collected 153 gold pieces.


Innate Abilities, Weirdness & Mutations

You have a beak for a mouth.
You have claws for feet.


   Skills:
 - Level 2.0 Fighting
 + Level 5.1 Axes
 - Level 1.0 Throwing
 - Level 1.1 Armour
 - Level 2.1 Dodging
 - Level 2.0 Spellcasting
 - Level 2.4 Translocations


You had 7 spell levels left.
You didn't know any spells.
Your spell library contained the following spells:

 Spells                   Type           Power      Damage    Failure   Level
 Blink                    Tloc           10%        N/A       24%         2
 Gell's Gravitas          Tloc           5%         N/A       43%         3
 Lesser Beckoning         Tloc           5%         N/A       43%         3
 Teleport Other           Tloc           5%         N/A       43%         3
 Manifold Assault         Tloc           5%         N/A       99%         5

Inventory:

Hand Weapons
 i - a +0 vampiric whip
 Y - a +0 hand axe (weapon)
Armour
 b - a +0 leather armour (worn)
 g - a +0 scale mail
Jewellery
 a - an amulet of reflection (around neck)
Scrolls
 c - 2 scrolls of identify
 e - a scroll of magic mapping {unknown}
Potions
 d - a potion of resistance {unknown}
 f - a potion of attraction {unknown}
 h - a potion of curing {unknown}

Dungeon Overview and Level Annotations

Branches:
Dungeon (3/15)

Altars:
Cheibriados
Hepliaklqana
Ru

Annotations:
D:3 Robin


Message History

A hobgoblin comes into view.
The orc hits you with a +0 club.
An orc comes into view. It is wielding a +0 whip.
Robin throws the goblin at you!
You closely miss Robin. Your kick misses Robin. Your peck misses Robin.
Robin is severely wounded.
You closely miss the orc. You hit the orc wizard. You barely miss the goblin.
The orc hits you with a +0 club. The goblin closely misses you.
Robin hits you but does no damage.
The orc wizard gestures wildly while chanting.
The orc wizard flickers and vanishes!
Deactivating autopickup; reactivate with Ctrl-A.
You barely miss Robin. Your kick misses Robin.
You punch Robin, but do no damage.
Robin is severely wounded.
You hit the orc. You barely miss something. You hit the goblin.
Robin roars a battlecry!
The goblins go into a battle-frenzy!
A goblin comes into view. It is wielding a +0 club.
Something hits you. The goblin barely misses you.
You hear some strange, mumbled words.
You are confused.
Robin hits you with a +0 falchion.
You hit Robin.
Robin is severely wounded.
You closely miss the orc wizard. You barely miss something.
You hit the hobgoblin. You hit the goblin.
You kill the goblin!
Something hits you.
The orc wizard gestures at you while chanting.
You resist with some effort. The hobgoblin closely misses you.
Robin hits you with a +0 falchion.
You closely miss Robin.
Robin is severely wounded.
You miss something. You hit the hobgoblin but do no damage.
You closely miss the orc wizard.
Robin roars a battlecry!
The hobgoblin goes into a battle-frenzy!
The hobgoblin hits you.
You die...

####### ).....#
.####.#### #####g#
.#.......# #...g.# #
.##.#.##.####.#######.#
....#.##.##...g.#.....#
#.....#.....#.#)#g.g..
...#######..#.#g#oo#
...+...###..#.#)@go#
...#........#....{##
#...>...............
#####..####.########.#
#..####.### #
#.......... ##.####.#..
#.# .#... #.# .#...#


You could see Robin, an orc wizard, 2 orcs, 2 hobgoblins and 2 goblins.

Vanquished Creatures
  An adder (D:1)
  A worm (D:3)
  2 dart slugs
  7 orcs (D:3)
  4 endoplasms
  4 giant cockroaches
  6 goblins
  4 hobgoblins
  3 jackals (D:1)
  5 quokkas
  6 ball pythons
  5 bats
  2 frilled lizards
  5 kobolds
  6 rats
61 creatures vanquished.

Vanquished Creatures (others)
  4 plants (D:3)
4 creatures vanquished.

Grand Total: 65 creatures vanquished

Notes
Turn   | Place    | Note
-------+----------+-------------------------------------------
     0 | D:1      | qw the Tengu Warper began the quest for the Orb.
     0 | D:1      | Reached XP level 1. HP: 12/12 MP: 4/4
     0 | D:1      | 0 ||| qw: Version: 0.1-a-89-g26bdef1
     0 | D:1      | 0 ||| qw: Game counter: 3086
     0 | D:1      | 0 ||| qw: Always use a shield: true
     0 | D:1      | 0 ||| qw: God list: Okawaru
     0 | D:1      | 0 ||| qw: Allow faded altars: false
     0 | D:1      | 0 ||| qw: Do Orc after D:15 true
     0 | D:1      | 0 ||| qw: Do second Lair branch before Depths: true
     0 | D:1      | 0 ||| qw: Lair rune preference: random
     0 | D:1      | 0 ||| qw: Plans: Normal
     0 | D:1      | 0 ||| PLANNING D:1-11
   114 | D:1      | 114 ||| Stepping ~*~*~tactically~*~*~ (stealth).
   123 | D:1      | 123 ||| Stepping ~*~*~tactically~*~*~ (stealth).
   125 | D:1      | 125 ||| Stepping ~*~*~tactically~*~*~ (stealth).
   129 | D:1      | 129 ||| Stepping ~*~*~tactically~*~*~ (stealth).
   138 | D:1      | Reached XP level 2. HP: 12/17 MP: 6/6
   139 | D:1      | Reached skill level 3 in Axes
   235 | D:1      | 235 ||| DROPPING +0 club.
   251 | D:1      | 251 ||| Stepping ~*~*~tactically~*~*~ (stealth).
   424 | D:1      | Reached XP level 3. HP: 21/21 MP: 7/7
   572 | D:1      | Reached skill level 4 in Axes
   735 | D:1      | 735 ||| READING scroll labelled DUJIZI REURPH.
   736 | D:1      | 736 ||| READING scroll labelled SAOLOM FAAL.
   737 | D:1      | 737 ||| READING scroll labelled KOVYTU KETS.
   738 | D:1      | 738 ||| READING scroll labelled DUIBRE ZIYGU.
   739 | D:1      | 739 ||| DROPPING scroll of blinking.
   750 | D:2      | 750 ||| STAIRDANCE
   775 | D:2      | 775 ||| STAIRDANCE
   839 | D:2      | 839 ||| Stepping ~*~*~tactically~*~*~ (stealth).
   840 | D:2      | 840 ||| Stepping ~*~*~tactically~*~*~ (stealth).
   845 | D:2      | 845 ||| Stepping ~*~*~tactically~*~*~ (stealth).
   924 | D:2      | 924 ||| FLEEEEING.
   930 | D:2      | 930 ||| STAIRDANCE
   991 | D:1      | 991 ||| DRINKING 2 fizzy purple potions.
   992 | D:1      | 992 ||| DROPPING potion of degeneration.
  1210 | D:2      | Reached XP level 4. HP: 10/26 MP: 8/8
  1250 | D:2      | 1250 ||| FLEEEEING.
  1526 | D:2      | 1526 ||| UPGRADING to amulet of reflection.
  1531 | D:2      | 1531 ||| READING scroll labelled EZYURGH MOIM.
  1586 | D:3      | Found a sacrificial altar of Ru.
  1699 | D:3      | Found a snail-covered altar of Cheibriados.
  1699 | D:3      | Found a hazy altar of Hepliaklqana.
  1773 | D:3      | 1773 ||| Stepping ~*~*~tactically~*~*~ (stealth).
  1830 | D:3      | 1830 ||| Stepping ~*~*~tactically~*~*~ (stealth).
  1891 | D:3      | 1891 ||| DROPPING +2 whip of draining.
  1939 | D:3      | Reached skill level 5 in Axes
  2062 | D:3      | 2062 ||| Stepping ~*~*~tactically~*~*~ (stealth).
  2076 | D:3      | Identified the +1 helmet of Courage {rC++ Regen+ Int+4
                  | Dex+4}
  2076 | D:3      | Noticed Robin
  2084 | D:3      | HP: 6/26 [something (1)]
  2084 | D:3      | HP: 2/26 [Robin/+0 falchion (4)]
  2085 | D:3      | Slain by a hobgoblin

Levels and vault maps discovered:
D:1:      dpeg_arrival_snail, layout_rooms
D:2:      layout_rooms, chequers_serial_rivers_marsh
D:3:      layout_basic, jmf_multi_god_temple, hangedman_ru_absence,
          dilly_ecumenical_altar_fadedgnrine, uniq_robin

Skill      XL: |  1  2  3  4 |
---------------+-------------+-----
Axes           | 3 4 5 |  5.1
Fighting       | |  2.0
Throwing       | |  1.0
Armour         | |  1.1
Dodging        | |  2.1
Spellcasting   | |  2.0
Translocations | |  2.4

Action                   |  1- 3 |  4- 6 || total
-------------------------+-------+-------++-------
Melee: Hand axe          |    78 |    48 ||   126
       Kick              |    19 |    16 ||    35
       Peck              |    12 |     9 ||    21
       Punch             |       |     3 ||     3
Throw: Boomerang         |     7 |       ||     7
  Use: Scroll            |     4 |     1 ||     5
       Potion            |     1 |       ||     1
 Stab: Sleeping          |       |     1 ||     1
Armor: Leather armour    |    23 |     5 ||    28
Dodge: Dodged            |    33 |    18 ||    51
Block: Other             |       |    11 ||    11

Table legend:
 A = Non-vault XP
 B = Vault XP
 C = Vault XP percentage of total XP
 D = Non-vault monster count
 E = Vault monster count
 F = Vault count percentage of total count
                 A         B        C        D         E       F
            +---------+---------+-------+---------+---------+-------
      Total |     123 |       6 |   4.7 |      58 |       3 |   4.9
            +---------+---------+-------+---------+---------+-------
        D:1 |      59 |       0 |   0.0 |      27 |       0 |   0.0
        D:2 |      25 |       0 |   0.0 |      15 |       0 |   0.0
        D:3 |      39 |       6 |  13.3 |      16 |       3 |  15.8
            +---------+---------+-------+---------+---------+-------
